 Dungeon Crawl Stone Soup version 0.23.2-1-ga50397a6bc (webtiles) character file.

Game seed: 10738112003015615010

59 Groucho the Sneak (level 3, -8/16 HPs)
             Began as a Spriggan Enchanter on May 26, 2019.
             Mangled by a worm (12 damage)
             ... on level 2 of the Dungeon.
             The game lasted 00:05:14 (3702 turns).

Groucho the Sneak (Spriggan Enchanter)              Turns: 3702, Time: 00:05:15

Health: -8/16      AC:  2    Str:  5    XL:     3   Next: 78%
Magic:  4/8        EV: 18    Int: 16    God:
Gold:   135        SH:  0    Dex: 16    Spells: 5/8 levels left

rFire    . . .     SeeInvis +   a - +1 dagger
rCold    . . .     Gourm    .   (shield restricted)
rNeg     . . .     Faith    .   b - +0 robe
rPois    .         Spirit   .   (helmet restricted)
rElec    .         Reflect  .   (no cloak)
rCorr    .         Harm     .   (gloves unavailable)
MR       .....                  (boots unavailable)
Stlth    +++.......             (no amulet)
HPRegen  0.05/turn              (no ring)
MPRegen  0.11/turn              (no ring)

@: very quick
A: very small, unfitting armour, see invisible, herbivore, speed 3, slow
metabolism 2
a: no special abilities


You were on level 2 of the Dungeon.
You were not hungry.

You visited 1 branch of the dungeon, and saw 2 of its levels.

You collected 135 gold pieces.

Inventory:

Hand Weapons
 a - a +1 dagger (weapon)
Missiles
 e - 30 stones (quivered)
Armour
 b - a +0 robe (worn)
Jewellery
 f - an uncursed ring of magical power {unknown}
Scrolls
 c - a scroll of random uselessness {unknown}
 g - a scroll of teleportation {unknown}
 h - a scroll of remove curse {unknown}
 i - 2 scrolls of identify {unknown}
 j - a scroll of magic mapping {unknown}
 k - a scroll of enchant weapon {unknown}
Potions
 d - a potion of curing {unknown}
 l - a potion of flight {unknown}
 m - a potion of might


   Skills:
 - Level 1.1 Short Blades
 - Level 3.0 Dodging
 * Level 6.1 Stealth
 + Level 3.4 Spellcasting
 + Level 4.2 Hexes


You had 5 spell levels left.
You knew the following spells:

 Your Spells              Type           Power        Failure   Level  Hunger
a - Corona                Hex            ###....      3%          1    None
b - Ensorcelled Hibernat  Hex/Ice        #.....       12%         2    ##.....

Your spell library contained the following spells:

 Spells                   Type           Power        Failure   Level  Hunger
 Confuse                  Hex            ###.....     10%         3    ###....
 Tukima's Dance           Hex            ###.....     10%         3    ###....
 Dazzling Spray           Conj/Hex       #.....       22%         3    ###....


Dungeon Overview and Level Annotations

Branches:
Dungeon (2/15)

Altars:


Innate Abilities, Weirdness & Mutations

You are very small and have problems with some larger weapons.
You are too small for most types of armour.
You have supernaturally acute eyesight. (SInv)
You are a herbivore.
You cover ground extremely quickly.
You need to consume almost no food.


Message History

m - a potion of might A worm comes into view.
Casting: Ensorcelled Hibernation (safe; 12% risk of failure)
Confirm with . or Enter, or press ? or * to list all spells.
Aiming: Ensorcelled Hibernation (safe; 12% risk of failure)
Press: ? - help, Shift-Dir - straight line, f - worm
Aim: a worm (chance to defeat MR: 50%)
The worm resists with some effort.
The worm bites you.
* * * LOW HITPOINT WARNING * * *
Casting: Ensorcelled Hibernation (safe; 12% risk of failure)
Confirm with . or Enter, or press ? or * to list all spells.
Aiming: Ensorcelled Hibernation (safe; 12% risk of failure)
Press: ? - help, Shift-Dir - straight line, f/p - worm
Aim: a worm (chance to defeat MR: 50%)
The worm looks drowsy...
You hit the worm.
The worm is lightly wounded.
The worm bites you!
Ouch! That really hurt!
You die...

######## ######.#..#
#.#..# #.#..# ###### ###
#<#..# ...<.. ..# #.#..#
############.# #.#..#
...........#.# #.#..#
##########.#.#######.###
#..........@w......
#.###.#.###########
#.#.# #.#.# #.#.# #.#.#
#.#.# #...# ###.#


You could see a worm.

Vanquished Creatures
  2 dart slugs (D:2)
  A leopard gecko (D:2)
  8 bats
  4 giant cockroaches
  3 goblins (D:1)
  4 hobgoblins
  12 jackals
  2 quokkas (D:2)
  2 frilled lizards (D:1)
  5 kobolds
  4 rats (D:1)
47 creatures vanquished.

Notes
Turn   | Place    | Note
-------+----------+-------------------------------------------
     0 | D:1      | Groucho the Spriggan Enchanter began the quest for the Orb.
     0 | D:1      | Reached XP level 1. HP: 9/9 MP: 5/5
   228 | D:1      | Reached skill level 5 in Stealth
   228 | D:1      | Reached XP level 2. HP: 7/13 MP: 6/6
   933 | D:2      | Learned a level 2 spell: Ensorcelled Hibernation
  1738 | D:1      | Reached XP level 3. HP: 16/16 MP: 8/8
  2666 | D:2      | Reached skill level 6 in Stealth
  3702 | D:2      | Mangled by a worm

Skill      XL: |  1  2  3 |
---------------+----------+-----
Stealth        | 5 6 |  6.1
Spellcasting   | 3 |  3.4
Hexes          | 4 |  4.2
Short Blades   | |  1.1
Dodging        | |  3.0

Action                   || total
-------------------------++-------
Melee: Dagger            ||   202
Throw: Stone             ||     1
 Cast: Ensorcelled Hiber ||    22
  Use: Potion            ||     2
 Stab: Sleeping          ||    24
       Distracted        ||     1
  Eat: Ration            ||     1
Armor: Robe              ||    26
Dodge: Dodged            ||   205
